 Dungeon Crawl Stone Soup version 0.28.0-45-g0d030f2227 (webtiles) character file.

Game seed: 12749642382351648555

88 protoss039 the Digger (level 4, -1/34 HPs)
             Began as a Demonspawn Earth Elementalist on May 30, 2022.
             Slain by a black bear (5 damage)
             ... on level 2 of the Dungeon.
             The game lasted 00:02:22 (2634 turns).

protoss039 the Digger (DsEE)                        Turns: 2634, Time: 00:02:23

Health: -1/34      AC:  4    Str: 17    XL:     4   Next: 29%
Magic:  0/7        EV: 12    Int: 18    God:
Gold:   22         SH:  0    Dex: 14    Spells: 2/8 levels left

rFire   . . .      SeeInvis .   f - +0 short sword
rCold   + . .      Faith    .   (no shield)
rNeg    + + .      Spirit   .   j - +0 leather armour
rPois   +          Reflect  .   (no helmet)
rElec   .          Harm     .   (no cloak)
rCorr   .          Rampage  .   (no gloves)
Will    .....                   k - +0 pair of boots of Kleptomania {rPois rN++ Str+3}
Stlth   ++........              (no amulet)
HPRegen 0.11/turn               h - +6 ring of strength
MPRegen 0.10/turn               i - ring of protection from cold

@: very slightly contaminated
A: hooves 1, ignite blood 1
a: no special abilities


You were on level 2 of the Dungeon.
You visited 1 branch of the dungeon, and saw 2 of its levels.

You collected 22 gold pieces.

Inventory:

Hand Weapons
 f - a +0 short sword (weapon)
Missiles
 c - 12 stones
Armour
 j - a +0 leather armour (worn)
 k - the +0 pair of boots of Kleptomania (worn) {rPois rN++ Str+3}
   (You found it on level 2 of the Dungeon)

   Str:       It affects your strength (+3).
   rPois:     It protects you from poison.
   rN:        It greatly protects you from negative energy.
Jewellery
 b - a ring of protection from fire
 h - a +6 ring of strength (left hand)
 i - a ring of protection from cold (right hand)
Scrolls
 a - 2 scrolls of identify {unknown}
 e - 2 scrolls of amnesia {unknown}
 g - a scroll of vulnerability {unknown}
 l - a scroll of teleportation {unknown}
Potions
 d - 2 potions of brilliance {unknown}


   Skills:
 * Level 2.4 Fighting
 + Level 1.2 Armour
 - Level 1.7 Dodging
 - Level 1.7 Stealth
 + Level 2.5 Spellcasting
 * Level 0.0 Conjurations
 - Level 1.0 Transmutations
 + Level 3.1 Earth Magic


You had 2 spell levels left.
You knew the following spells:

 Your Spells              Type           Power      Damage    Failure   Level
a - Sandblast             Erth           26%        2d8       5%          1
b - Passwall              Tmut/Erth      7%         N/A       13%         2
c - Stone Arrow           Conj/Erth      14%        3d7       32%         3

Your spell library contained the following spells:

 Spells                   Type           Power      Damage    Failure   Level
 Dazzling Flash           Conj/Hex       4%         N/A       52%         3
 Petrify                  Tmut/Erth      9%         N/A       65%         4
 Airstrike                Air            1%         N/A       90%         4
 Summon Lightning Spire   Summ/Air       2%         N/A       90%         4
 Agony                    Necr           2%         N/A       99%         5
 Lightning Bolt           Conj/Air       1%         1d12      99%         5
 Silence                  Hex/Air        1%         N/A       99%         5


Dungeon Overview and Level Annotations

Branches:
Dungeon (2/15)

Altars:


Innate Abilities, Weirdness & Mutations

You have large cloven feet.
Your demonic aura sometimes causes spilled blood to erupt in flames.


Message History

Nothing appears to happen.
The black bear bites you. The black bear claws you. x2
Casting: Sandblast (safe; 5% risk of failure)
Confirm with . or Enter, or press ? or * to list all spells.
Aiming: Sandblast (safe; 5% risk of failure)
Press: ? - help, Shift-Dir - straight line, f/p - black bear
Aim: a black bear (moderately wounded, 85% to hit)
You miscast Sandblast.
Nothing appears to happen.
The black bear closely misses you. The black bear completely misses you.
The black bear claws you but does no damage.
Unknown command.
Casting: Sandblast (safe; 5% risk of failure)
Confirm with . or Enter, or press ? or * to list all spells.
Aiming: Sandblast (safe; 5% risk of failure)
Press: ? - help, Shift-Dir - straight line, f/p - black bear
Aim: a black bear (moderately wounded, 85% to hit)
The blast of sand hits the black bear.
The black bear is heavily wounded.
The black bear barely misses you. The black bear claws you.
The black bear misses you.
Unknown command.
Casting: Sandblast (safe; 5% risk of failure)
Confirm with . or Enter, or press ? or * to list all spells.
Aiming: Sandblast (safe; 5% risk of failure)
Press: ? - help, Shift-Dir - straight line, f/p - black bear
Aim: a black bear (heavily wounded, 85% to hit)
The blast of sand hits the black bear!
The black bear is severely wounded.
The black bear goes berserk!
Unknown command.
Casting: Sandblast (safe; 5% risk of failure)
Confirm with . or Enter, or press ? or * to list all spells.
Aiming: Sandblast (safe; 5% risk of failure)
Press: ? - help, Shift-Dir - straight line, f/p - black bear
Aim: a black bear (severely wounded, berserk, 85% to hit)
The blast of sand misses the black bear.
The black bear bites you! The black bear closely misses you.
The black bear misses you. The black bear bites you!
* * * LOW HITPOINT WARNING * * *
The black bear claws you.
You die...

.. #. #.##### #. .......
#############. .......
...........[.. .......
#######.###### .......
#.##
.......###########..#####
.......h...†...).........
.......#@#########..###..
.......#.# #..###..
.......#.# #...##..
.......#.#########.......
.......#.##..........###.
.......^.##...........##.
.........##.[.........##.
..##...#######.##. #...#
#.##.


You could see a black bear (berserk).

Vanquished Creatures
  Jessica (D:2)
  Natasha (D:2)
  An adder (D:2)
  A worm (D:2)
  A dart slug (D:1)
  4 endoplasms
  2 goblins
  A hobgoblin (D:2)
  3 quokkas (D:2)
  2 ball pythons
  2 bats
  2 kobolds
  3 rats
24 creatures vanquished.

Notes
Turn   | Place    | Note
-------+----------+-------------------------------------------
     0 | D:1      | protoss039 the Demonspawn Earth Elementalist began the
                  | quest for the Orb.
     0 | D:1      | Reached XP level 1. HP: 13/13 MP: 3/3
    28 | D:1      | Reached skill level 1 in Transmutations
   733 | D:1      | Gained mutation: Your demonic aura sometimes causes spilled
                  | blood to erupt in flames. [demonic ancestry]
   733 | D:1      | Reached XP level 2. HP: 17/20 MP: 3/5
  1012 | D:1      | Reached skill level 1 in Fighting
  1293 | D:2      | Learned a level 2 spell: Passwall
  1342 | D:2      | Noticed Jessica
  1354 | D:2      | Identified the +0 pair of boots of Kleptomania {rPois rN++
                  | Str+3}
  1447 | D:2      | Killed Jessica
  1448 | D:2      | Reached skill level 3 in Earth Magic
  1448 | D:2      | Gained mutation: You have large cloven feet. [demonic
                  | ancestry]
  1448 | D:2      | Reached XP level 3. HP: 21/27 MP: 0/6
  1567 | D:2      | Reached skill level 1 in Armour
  2394 | D:2      | Noticed a black bear
  2427 | D:2      | Noticed Natasha
  2437 | D:2      | Killed Natasha
  2438 | D:2      | Reached XP level 4. HP: 14/34 MP: 2/7
  2618 | D:2      | Learned a level 3 spell: Stone Arrow
  2634 | D:2      | Slain by a black bear

Illustrated notes

Levels and vault maps discovered:
D:1:      amcnicky_arrival_wind_blow, layout_basic
D:2:      layout_basic, uniq_crazy_yiuf_cottage, uniq_natasha, uniq_jessica,
          uniq_robin

Skill      XL: |  1  2  3 |
---------------+----------+-----
Transmutations | 1 |  1.0
Fighting       | 1 2 |  2.4
Earth Magic    | 3 |  3.1
Armour         | 1 |  1.2
Dodging        | |  1.7
Stealth        | |  1.7
Spellcasting   | |  2.5

Action                   |  1- 3 |  4- 6 || total
-------------------------+-------+-------++-------
Melee: Unarmed           |     9 |       ||     9
       Punch             |     4 |       ||     4
       Short sword       |    78 |       ||    78
 Cast: Sandblast         |    17 |     5 ||    22
 Stab: Sleeping          |     2 |       ||     2
Armor: Robe              |     5 |       ||     5
       Leather armour    |    21 |     1 ||    22
Dodge: Dodged            |    48 |     6 ||    54
